 Dungeon Crawl Stone Soup version 0.17-a0-1987-gaf5a542 (webtiles) character file.

11873 tp1 the Protected (level 11, -6/60 HPs)
             Began as a Gargoyle Berserker on Oct 6, 2015.
             Was a High Priest of Trog.
             Mangled by an eight-headed hydra (7 damage)
             ... on level 2 of the Lair of Beasts.
             The game lasted 00:50:32 (8556 turns).

tp1 the Protected (Gargoyle Berserker)              Turns: 8556, Time: 00:50:32

Health: -6/60      AC: 27    Str: 24    XL:     11   Next: 84%
Magic:  11/11      EV:  8    Int:  8    God:    Trog [*****.]
Gold:   628        SH:  0    Dex:  9    Spells: 0 memorised, 10 levels left

rFire  . . .     SeeInvis .     G - +7 war axe "Fioputa" {freeze, rN+++}
rCold  . . .     Clarity  .     F - +0 plate armour
rNeg   + + +     SustAt   .     (no shield)
rPois  ∞         Gourm    .     (no helmet)
rElec  +         Spirit   .     s - +1 cloak
rCorr  .         Warding  .     y - +0 pair of gloves
rMut   .         Stasis   .     (no boots)
MR     .....                    (no amulet)
Stlth  ..........               (no ring)
                                (no ring)

@: exhausted, slowed, very slow, not resistant to hostile enchantments,
extremely unstealthy
A: negative energy resistance 1, electricity resistance, unbreathing,
petrification resistance, rot immunity, AC +7
a: Burn Spellbooks, Berserk, Trog's Hand, Brothers in Arms, Renounce Religion


You were on level 2 of the Lair of Beasts.
You worshipped Trog.
Trog was extremely pleased with you.
You were hungry.

You visited 2 branches of the dungeon, and saw 11 of its levels.

You collected 628 gold pieces.

Inventory:

Hand Weapons
 l - a +2 whip of venom
 v - a +0 flail
 z - a +1 whip of flaming
 G - the +7 war axe "Fioputa" (weapon) {freeze, rN+++}
   (You found it on level 5 of the Dungeon)

   It has been specially enchanted to freeze those struck by it, causing extra
   injury to most foes and up to half again as much damage against particularly
   susceptible opponents.
   It can also slow down cold-blooded creatures.
   It renders you almost immune to negative energy.
 R - a +0 morningstar
 Z - a +0 dire flail
Armour
 s - a +1 cloak (worn)
 y - a +0 pair of gloves (worn)
 F - a +0 plate armour (worn)
Rods
 V - a +2 rod of inaccuracy (10/10)
   (You found it on level 8 of the Dungeon)
Jewellery
 d - an uncursed ring of ice
 C - an uncursed amulet of clarity
 L - an uncursed ring of wizardry {unknown}
 O - an uncursed ring of sustain attributes {unknown}
 Q - a cursed amulet of inaccuracy {unknown}
Wands
 x - a wand of flame (31)
 M - a wand of digging (12)
 X - a wand of slowing (20)
Scrolls
 k - 3 scrolls of immolation
 o - 4 scrolls of remove curse
 r - a scroll of magic mapping
 t - 2 scrolls of fear
 w - 2 scrolls of teleportation
 A - a scroll of enchant weapon
 D - 2 scrolls of amnesia
 J - 2 scrolls of fog
 K - a scroll of blinking
 T - a scroll of noise
 W - 2 scrolls of random uselessness
Potions
 a - a potion of cancellation {unknown}
 e - a potion of magic {unknown}
 g - 3 potions of curing {unknown}
 i - 4 potions of flight {unknown}
 m - 2 potions of might {unknown}
 p - 2 potions of mutation {unknown}
 q - 4 potions of heal wounds {unknown}
 B - 2 potions of haste {unknown}
 E - a potion of degeneration {unknown}
 H - 3 potions of resistance {unknown}
 I - a potion of berserk rage {unknown}
 P - a potion of beneficial mutation {unknown}
 S - 2 potions of brilliance {unknown}
Books
 U - the Disquisition on Curses
   (You found it on level 8 of the Dungeon)

   Spells                             Type                      Level
   a - Corona                         Hexes                        1
   b - Silence                        Hexes/Air                    5
   c - Invisibility                   Hexes                        6
   d - Discord                        Hexes                        8
   Trog disapproves of the use of such an item.
Comestibles
 c - 2 bread rations
 h - 4 meat rations
 j - 2 fruits
 n - 6 beef jerkies
 u - a chunk of flesh


   Skills:
 - Level 3.3 Fighting
 + Level 12.4(12.6) Axes
 + Level 4.5(9.9) Maces & Flails
 + Level 12.7 Armour
 - Level 1.6 Dodging


You had 10 spell levels left.
You didn't know any spells.

Dungeon Overview and Level Annotations

Branches:
Dungeon (9/15)             Temple (0/1) D:5            Lair (2/8) D:9
    Orc: D:9-12

Altars:
Cheibriados
Dithmenos
Nemelex Xobeh
Ru
Yredelemnul
The Shining One


Innate Abilities, Weirdness & Mutations

You are resistant to torment.
Your stone body is resilient (AC +7).
You are immune to poison.
You resist negative energy.
You are resistant to electric shocks.
You can survive without breathing.
You are immune to petrification.
You are immune to rotting.


Message History

The eight-headed hydra bites you but does no damage. x2
The eight-headed hydra bites you but does no damage.
The eight-headed hydra bites you.
* * * LOW HITPOINT WARNING * * *
The eight-headed hydra barely misses you.
The eight-headed hydra bites you but does no damage. x2
The eight-headed hydra barely misses you.
The eight-headed hydra bites you but does no damage. x2
The eight-headed hydra bites you.
* * * LOW HITPOINT WARNING * * *
The eight-headed hydra bites you but does no damage.
The eight-headed hydra bites you.
* * * LOW HITPOINT WARNING * * *
The eight-headed hydra bites you!
* * * LOW HITPOINT WARNING * * *
The eight-headed hydra bites you but does no damage. x3
The eight-headed hydra barely misses you.
The eight-headed hydra bites you but does no damage. x3
The eight-headed hydra bites you!
You die...

## ### ##. ###.# ##..
#.#.##### #######...
##.#..#.###.........
##......##.........
####..................
###.##P@^...............
#.....D.................
##.###.......................
#......#P....................
....#.#...÷...................
#. ..##...[...................
#....##.†..........#÷........
#. #........................ #
#.............###........


You could see an eight-headed hydra.

Vanquished Creatures
  Gastronok (Lair:2)
  Fannar (Lair:1)
  The ghost of B1inky the Cleaver, a novice FoFi of Cheibriados (D:8)
  The ghost of B1inky the Ducker, a novice OpMo (D:6)
  A black mamba (Lair:1)
  A spiny frog (Lair:2)
  A fire drake (Lair:2)
  A komodo dragon (D:9)
  A two-headed ogre (D:8)
  3 blink frogs (Lair:2)
  A polar bear (Lair:2)
  15 yaks
  2 hippogriffs
  A hungry ghost (D:7)
  2 orc warriors
  2 ice beasts (D:6)
  4 water moccasins
  2 sky beasts
  2 porcupines
  2 ogres
  3 centaurs
  A big kobold (D:7)
  2 crocodiles
  8 giant frogs
  4 killer bees (D:8)
  3 crimson imps
  5 hounds
  A centaur skeleton (D:8)
  2 giant frog skeletons
  5 orc priests
  3 iguanas
  5 orc wizards
  A killer bee zombie (D:6)
  6 worker ants
  A hound skeleton (D:6)
  A worker ant zombie (D:8)
  26 river rats
  9 adders
  A shadow imp (D:6)
  2 adder skeletons
  An adder zombie (D:8)
  4 worms
  2 giant geckos
  29 orcs
  A ball python (D:3)
  A hobgoblin (D:2)
  9 jackals
  7 kobolds
  2 quokkas
  2 bats
  10 giant cockroaches
  6 giant newts
  7 goblins
  3 quokka zombies
  10 rats
228 creatures vanquished.

Vanquished Creatures (others)
  A fungus (Lair:2)
1 creature vanquished.

Grand Total: 229 creatures vanquished

Notes
Turn   | Place    | Note
--------------------------------------------------------------
     0 | D:1      | tp1 the Gargoyle Berserker began the quest for the Orb.
     0 | D:1      | Reached XP level 1. HP: 14/14 MP: 1/1
   220 | D:1      | Reached XP level 2. HP: 19/19 MP: 2/2
   716 | D:2      | Acquired Trog's second power
   716 | D:2      | Reached XP level 3. HP: 20/23 MP: 3/3
  1076 | D:2      | Reached skill level 4 in Axes
  1160 | D:2      | Reached XP level 4. HP: 26/28 MP: 4/4
  2080 | D:4      | Reached XP level 5. HP: 26/32 MP: 5/5
  2117 | D:4      | Reached skill level 1 in Maces & Flails
  2478 | D:4      | Reached XP level 6. HP: 37/37 MP: 6/6
  2842 | D:5      | Entered Level 5 of the Dungeon
  2915 | D:5      | Found a staircase to the Ecumenical Temple.
  3119 | D:5      | Got a polished war axe
  3123 | D:5      | Identified the +7 war axe "Fioputa" {freeze, rN+++} (You found it on level 5 of the Dungeon)
  3225 | D:5      | Reached skill level 5 in Axes
  3225 | D:5      | Reached skill level 5 in Armour
  3311 | D:5      | Found a snail-covered altar of Cheibriados.
  3410 | D:6      | Reached XP level 7. HP: 26/41 MP: 7/7
  3501 | D:6      | Noticed B1inky's ghost (novice OpMo)
  3691 | D:6      | Killed B1inky's ghost
  3691 | D:6      | Reached skill level 7 in Armour
  3691 | D:6      | Reached XP level 8. HP: 22/46 MP: 8/8
  4313 | D:6      | Reached skill level 8 in Armour
  4358 | D:6      | Identified the Handbook of the Last Moons
  4517 | D:6      | Reached XP level 9. HP: 47/51 MP: 9/9
  4599 | D:6      | Found a snail-covered altar of Cheibriados.
  4829 | D:7      | Acquired Trog's third power
  5229 | D:7      | Reached skill level 9 in Armour
  5514 | D:8      | Noticed B1inky's ghost (novice FoFi)
  5525 | D:8      | Killed B1inky's ghost
  5643 | D:8      | Identified the Disquisition on Curses
  5755 | D:8      | Reached skill level 10 in Armour
  6194 | D:8      | Reached XP level 10. HP: 51/56 MP: 10/10
  6312 | D:8      | Found a basalt altar of Yredelemnul.
  6312 | D:8      | Found a sacrificial altar of Ru.
  6312 | D:8      | Found a glowing golden altar of the Shining One.
  6314 | D:8      | Found a sparkling altar of Nemelex Xobeh.
  6315 | D:8      | Found a shadowy altar of Dithmenos.
  6843 | D:9      | Reached skill level 11 in Armour
  6937 | D:9      | Found a staircase to the Lair.
  6945 | Lair:1   | Entered Level 1 of the Lair of Beasts
  7037 | Lair:1   | Noticed Fannar
  7070 | Lair:1   | Killed Fannar
  7070 | Lair:1   | Reached skill level 10 in Axes
  7661 | Lair:1   | Noticed a black mamba
  7674 | Lair:1   | Killed a black mamba
  7674 | Lair:1   | Reached XP level 11. HP: 32/60 MP: 11/11
  7693 | Lair:1   | Reached skill level 12 in Armour
  8079 | Lair:2   | Noticed Gastronok
  8105 | Lair:2   | Killed Gastronok
  8192 | Lair:2   | Received a gift from Trog
  8526 | Lair:2   | Received a gift from Trog
  8535 | Lair:2   | Noticed a seven-headed hydra
  8554 | Lair:2   | HP: 1/60 [eight-headed hydra (7)]
  8556 | Lair:2   | Mangled by an eight-headed hydra

Vault maps used:
D:1:      eino_arrival_druids_welcome
D:3:      first_bread
D:4:      minivault_1
D:5:      minmay_temple_entry_trees, lemuel_statue_altar
D:6:      kennysheep_mini
D:8:      minitemple
D:9:      lair_0_dummy, hiddenorc1_lemuel
Lair:1:   uniq_fannar
Lair:2:   grunt_megastairs_4, uniq_gastronok

Action                   |  1- 3 |  4- 6 |  7- 9 | 10-12 || total
-------------------------+-------+-------+-------+-------++-------
Melee: Hand axe          |   102 |    23 |       |       ||   125
       Whip              |    19 |    28 |       |    12 ||    59
       Mace              |       |    76 |       |       ||    76
       War axe           |       |    83 |   209 |   237 ||   529
Invok: Berserk           |       |       |     3 |     8 ||    11
       Burn Spellbooks   |       |       |     1 |       ||     1
       Brothers in Arms  |       |       |       |     1 ||     1
  Use: Scroll            |       |     6 |       |     7 ||    13
  Eat: Chunk             |     1 |     7 |     9 |    10 ||    27
       Bread ration      |       |       |     2 |     1 ||     3
